AoeStats
← The Beer Man

MegaRandom

509320754Analyzed
4v4 RM · 7d ago on Sep 26, 2026· 56m 2s· 8 players
Game mode
Random Map
Map size
Large (8 player)
Population
200
Speed
Normal
Resources
Standard
Victory
Conquest
Starting age
Dark Age
Ending age
Imperial Age
RankedLock teamsTeams togetherTeam positionsShared explorationLock speedFull tech treeHidden civsTurbo modeCheats
Victory
Defeat
🇪🇸 Japanese · Spain
1001
+14
🇨🇳 Mongols · China
979
+15
916
+18
🇷🇺 Tatars · Russia
877
+20
🇨🇳 Wei · China
964
-17
🇬🇧 Bulgarians · United Kingdom
956
-17
🇨🇳 Aztecs · China
956
-17
🇫🇷 Tatars · France
948
-16
桂花折枝为谁落
12:19 Feudal Age
13:06 Double-Bit Axe
13:31 Horse Collar
14:01 Fishing Lines
14:53 Gold Mining
20:48 Castle Age
20:15 Wheelbarrow
23:31 Gold Shaft Mining
22:51 Stone Mining
23:19 Bow Saw
23:29 Heavy Plow
24:04 Gillnets
29:38 Imperial Age
30:16 Ballistics
30:39 Tuntian
31:38 Conscription
30:47 Elite Skirmisher
33:31 Chemistry
34:36 Thumb Ring
41:28 Ming Guang Armor
40:30 Heavy Hei Guang Cavalry
41:10 Husbandry
41:21 Bloodlines
42:02 Parthian Tactics
49:36 Hand Cart
The Beer Man
11:22 Feudal Age
12:36 Double-Bit Axe
13:54 Gold Mining
14:05 Horse Collar
18:50 Arson
20:50 Loom
22:35 Forging
22:28 Scale Mail Armor
24:39 Castle Age
25:20 Gambesons
25:35 Squires
27:35 Chain Mail Armor
27:57 Iron Casting
34:40 Wheelbarrow
39:07 Imperial Age
36:55 Hand Cart
37:38 Town Watch
37:53 Fletching
38:14 Scale Barding Armor
38:34 Stirrups
41:22 Capped Ram
43:10 Bagains
48:54 Onager
一悟
12:51 Feudal Age
15:40 Wheelbarrow
15:44 Man-at-Arms
16:47 Scale Mail Armor
20:51 Castle Age
22:31 Stone Mining
23:59 Double-Bit Axe
[CH-FR]Frog
10:49 Feudal Age
12:42 Bloodlines
13:18 Wheelbarrow
16:24 Double-Bit Axe
18:03 Horse Collar
25:53 Castle Age
26:58 Husbandry
27:16 Forging
26:33 Light Cavalry
31:59 Hand Cart
32:17 Heavy Plow
34:09 Padded Archer Armor
34:15 Scale Barding Armor
38:57 Iron Casting
39:06 Gold Mining
39:32 Bow Saw
42:32 Chain Barding Armor
42:04 Fletching
44:46 Loom
44:59 Stone Mining
45:44 Gold Shaft Mining
48:47 Bodkin Arrow
49:08 Leather Archer Armor
50:19 Silk Armor
53:14 Imperial Age
54:00 Ballistics
55:18 Chemistry
55:15 Conscription
55:46 Crop Rotation
56:02 Fervor
velllll
1:52 Loom
10:33 Feudal Age
11:40 Double-Bit Axe
12:49 Town Watch
14:26 Horse Collar
17:48 Bloodlines
22:37 Arson
28:38 Castle Age
28:43 Crossbowman
likkus
5:20 Loom
12:50 Feudal Age
13:50 Double-Bit Axe
14:08 Fishing Lines
15:58 Wheelbarrow
17:01 Man-at-Arms
17:55 Forging
17:45 Scale Mail Armor
22:22 Castle Age
23:15 Arson
22:53 Pikeman
23:33 Squires
25:10 Iron Casting
24:50 Chain Mail Armor
24:54 Hand Cart
29:05 Long Swordsman
37:46 Imperial Age
37:16 Bow Saw
39:54 Ballistics
40:37 Conscription
41:53 Chemistry
42:04 Two-Man Saw
41:13 Murder Holes
41:38 Horse Collar
42:46 Kataparuto
42:43 Halberdier
54:42 Two-Handed Swordsman
55:07 Gambesons
55:50 Fortified Wall
Aegon the first of his name
8:57 Loom
11:51 Feudal Age
17:36 Castle Age
15:40 Horse Collar
16:00 Man-at-Arms
16:32 Double-Bit Axe
19:19 Scale Mail Armor
19:30 Forging
20:03 Long Swordsman
27:14 Chain Mail Armor
27:34 Iron Casting
27:52 Wheelbarrow
28:54 Pikeman
29:35 Squires
30:09 Hand Cart
31:55 Heavy Plow
35:59 Gold Mining
37:10 Ballistas
41:30 Imperial Age
42:36 Conscription
43:06 Bow Saw
44:01 Gold Shaft Mining
44:05 Crop Rotation
44:11 Halberdier
48:14 Blast Furnace
47:49 Legionary
55:02 Stone Mining
56:02 Comitatenses
Freneticness
8:15 Loom
10:57 Feudal Age
17:20 Castle Age
15:03 Horse Collar
18:38 Wheelbarrow
19:16 Double-Bit Axe
23:25 Husbandry
23:45 Bloodlines
24:05 Gold Mining
25:07 Fletching
25:17 Padded Archer Armor
27:04 Heavy Plow
27:33 Bodkin Arrow
30:18 Bow Saw
30:53 Leather Archer Armor
31:42 Scale Barding Armor
31:48 Forging
34:46 Hand Cart
35:39 Gold Shaft Mining
35:01 Stone Mining
40:22 Imperial Age
39:40 Iron Casting
39:26 Chain Barding Armor
39:27 Murder Holes
40:16 Thumb Ring
39:32 Elite Skirmisher
41:05 Ballistics
41:48 Conscription
40:53 Elite Mangudai
42:03 Parthian Tactics
42:18 Bracer
43:19 Blast Furnace
42:00 Elite Skirmisher
44:55 Chemistry
44:08 Heavy Cavalry Archer
48:32 Nomads
52:27 Caravan
Connection lost

Rejoining the realm…

Still unreachable

The connection could not be restored.

Session expired

The server has moved on; the page needs a fresh start.